Map: Thunderbird LE

Players

llllllllllll

  • Race: Protoss Protoss
  • League: Master
  • Spawn Location: 11:00

PANDA - Winner!

  • Race: Terran Terran
  • League: Grandmaster
  • Spawn Location: 5:00

VOD

Have the link to the VOD?

Description

Time

  • Played on: Aug. 18, 2019, 6:22 p.m.
  • Length: 12:39
Show
View Real Time Build Order
Export as new Build Order

llllllllllll Protoss 

Build Orders: 1 Gate Expand, Chargelot Immortal, Colossus Rush 

Get SALT Encoding   

  12  0:01  Probe  
  13  0:13  Probe  
  14  0:17  Pylon  
  14  0:25  Probe  
  15  0:34  Probe  
  15  0:37  Gateway  
  15  0:42  Probe  
  16  0:47  Assimilator  
  17  0:52  Probe  
  18  1:04  Probe  
  19  1:23  Nexus  
  19  1:31  Cybernetics Core  
  19  1:32  Probe  
  20  1:37  Assimilator  
  20  1:44  Probe  
  21  1:53  Pylon  
  21  1:56  Probe  
  22  2:01  Adept  
  22  2:08  Probe  
  23  2:10  Warp Gate  
  25  2:20  Probe  
  25  2:22  Stalker  
  26  2:27  Robotics Facility  
  26  2:32  Probe  
  28  2:41  Probe  
  29  2:44  Probe  
  30  2:53  Probe  
  31  3:03  Probe  
  32  3:05  Probe  
  32  3:12  Pylon, Observer  
  33  3:15  Probe  
  33  3:17  Robotics Bay  
  35  3:20  Probe  
  36  3:27  Probe  
  36  3:28  Warp Prism  
  36  3:29  Pylon  
  36  3:32  Probe  
  38  3:40  Probe  
  39  3:44  Probe  
  40  3:49  Shield Battery  
  40  3:52  Probe  
  41  3:57  Probe, Gateway x2  
  41  4:00  Disruptor  
  42  4:02  Stalker  
  42  4:07  Assimilator  
  44  4:10  Assimilator  
  44  4:12  Probe  
  44  4:16  Probe  
  49  4:24  Gravitic Drive  
  49  4:25  Probe  
  49  4:28  Twilight Council  
  50  4:35  Forge  
  50  4:41  Probe x2, Pylon  
  52  4:49  Protoss Ground Armor Level 1  
  52  4:53  Probe  
  52  4:54  Probe  
  52  4:56  Pylon  
  54  5:06  Nexus  
  54  5:07  Pylon  
  54  5:12  Charge, Colossus  
  59  5:31  Gateway  
  59  5:33  Probe x2  
  59  5:34  Gateway  
  61  5:36  Zealot  
  63  5:45  Probe  
  64  5:52  Extended Thermal Lance  
  64  5:54  Gateway  
  64  5:55  Gateway  
  64  6:00  Templar Archives  
  64  6:02  Pylon, Colossus  
  64  6:05  Probe  
  71  6:19  Pylon  
  71  6:20  Probe x2  
  71  6:24  Protoss Ground Armor Level 2  
  71  6:27  Probe  
  71  6:32  Probe  
  73  6:33  Probe  
  73  6:37  High Templar, Sentry  
  73  6:39  Probe, Stalker x2  
  83  6:40  Zealot  
  83  6:44  Probe  
  86  6:50  Gateway  
  86  6:53  Gateway  
  86  6:55  Pylon  
  86  6:57  Pylon  
  86  7:00  Probe x3  
  86  7:01  Colossus  
  95  7:19  Pylon  
  95  7:26  High Templar, Zealot x3  
  95  7:27  Zealot x2  
  107  7:34  Pylon  
  107  7:48  Warp Prism  
  107  7:56  Stalker x2, Zealot x3  
  107  7:57  Zealot x3  
  125  8:16  Pylon  
  125  8:19  High Templar x2  
  129  8:20  Zealot x3  
  129  8:21  Zealot x4  
  129  8:23  Archon, Immortal  
  147  8:32  Pylon x2  
  147  8:45  Nexus  
  147  8:50  Pylon  
  147  8:51  Protoss Ground Armor Level 3  
  147  9:02  Robotics Facility  
  147  9:03  Stalker  
  147  9:04  Stalker x5, Robotics Facility  
  159  9:14  Probe  
  160  9:23  Probe x2  
  162  9:26  Probe  
  163  9:37  Probe, Immortal  
  163  9:38  Probe x2, Assimilator  
  158  9:39  Immortal  
  158  9:41  Immortal, Zealot x5  
  158  9:42  Assimilator, Zealot x2  
  156  9:50  Probe  
  169  10:02  Assimilator  
  169  10:07  Assimilator  
  169  10:11  Shield Battery  
  169  10:13  Photon Cannon  
  149  10:14  Photon Cannon  
  149  10:16  Photon Cannon  
  149  10:17  Immortal x2  
  149  10:20  Pylon  
  133  10:29  High Templar  
  133  10:30  High Templar, Zealot  
  133  10:31  Zealot x3  
  133  10:34  Archon  
  145  10:43  Zealot x3  
  145  10:48  Immortal  
  122  10:56  High Templar x2  
  103  10:57  Immortal, Zealot x2  
  103  11:02  Archon  
  115  11:09  Zealot x2  
  115  11:10  Zealot x2  
  121  11:18  High Templar x2  
  123  11:19  Sentry  
  123  11:22  Archon  
  125  11:32  Zealot x6  
  135  11:46  Immortal x2  
  95  11:49  Immortal  
  67  11:59  High Templar x2  
  67  12:00  Zealot x2  
  87  12:04  Archon  
  87  12:10  Zealot x3  
  87  12:12  High Templar  
  87  12:13  High Templar  
  97  12:17  Archon  
  97  12:21  Zealot x2  
Show
View Real Time Build Order
Export as new Build Order

PANDA Terran - Winner!

Build Orders: Cyclone Opening, Gas First Reaper Expand, Mech 

Get SALT Encoding   

  12  0:00  SCV  
  13  0:12  SCV  
  14  0:17  Supply Depot  
  14  0:24  SCV  
  14  0:27  Refinery  
  15  0:38  SCV  
  16  0:44  Barracks  
  16  0:50  SCV  
  17  1:02  SCV  
  18  1:14  SCV  
  19  1:32  Reaper, Orbital Command  
  20  1:44  Command Center  
  20  1:58  Factory  
  20  2:00  SCV  
  21  2:07  Marine  
  22  2:13  Supply Depot  
  22  2:16  SCV  
  22  2:22  Refinery  
  23  2:27  Barracks Tech Lab  
  23  2:35  SCV  
  24  2:47  SCV  
  25  2:53  Cyclone, Barracks Reactor  
  28  2:59  SCV  
  28  3:03  Orbital Command  
  28  3:14  SCV  
  28  3:16  Command Center  
  29  3:25  Starport  
  29  3:29  SCV  
  29  3:33  SCV  
  31  3:35  Marine  
  31  3:36  Factory Tech Lab  
  31  3:37  Marine  
  31  3:41  SCV  
  34  3:44  Refinery  
  34  3:46  Refinery  
  34  3:48  SCV  
  34  3:53  SCV  
  34  3:54  Marine x2  
  38  4:02  Siege Tank  
  41  4:03  SCV  
  42  4:16  Supply Depot  
  42  4:17  Raven  
  42  4:20  SCV  
  42  4:21  SCV  
  46  4:28  Orbital Command  
  46  4:29  Marine x2  
  48  4:32  SCV  
  48  4:35  Siege Tank  
  48  4:38  SCV  
  53  4:44  SCV  
  54  4:47  Orbital Command  
  54  4:50  SCV  
  54  4:51  Marine x2  
  57  4:56  SCV  
  58  5:00  Factory  
  58  5:02  SCV  
  58  5:04  Factory  
  59  5:09  SCV  
  60  5:14  SCV x2  
  60  5:17  Supply Depot  
  60  5:18  Supply Depot  
  60  5:21  SCV  
  59  5:22  Viking  
  59  5:24  Siege Tank  
  59  5:27  SCV  
  59  5:28  SCV  
  66  5:33  SCV  
  67  5:39  SCV  
  67  5:40  SCV  
  69  5:45  SCV, Armory  
  69  5:46  Armory  
  69  5:51  SCV  
  69  5:52  SCV  
  69  5:55  Viking  
  73  5:57  SCV  
  73  6:03  SCV  
  75  6:04  Supply Depot, SCV  
  75  6:05  Supply Depot  
  75  6:09  SCV  
  77  6:15  SCV, Siege Tank  
  77  6:16  SCV  
  82  6:20  Siege Tank  
  85  6:26  SCV, Hellion  
  85  6:27  SCV, Refinery  
  85  6:28  Refinery  
  85  6:31  Supply Depot  
  85  6:32  Supply Depot, SCV  
  90  6:34  Terran Vehicle Weapons Level 1  
  90  6:35  Terran Vehicle And Ship Armor Level 1  
  90  6:38  SCV  
  91  6:43  SCV  
  91  6:46  Supply Depot  
  92  6:48  Starport Reactor  
  92  6:49  Barracks Tech Lab  
  92  6:51  Factory x2  
  92  6:52  Siege Tank  
  95  6:56  Siege Tank  
  98  7:02  SCV x3  
  98  7:07  Hellion x2  
  105  7:14  SCV x2, Engineering Bay  
  107  7:17  SCV  
  108  7:26  SCV x2  
  108  7:27  Siege Tank  
  108  7:29  SCV, Command Center  
  114  7:35  Factory  
  114  7:36  Factory  
  114  7:37  Starport Reactor  
  114  7:38  Barracks Tech Lab, Factory  
  114  7:39  Siege Tank  
  114  7:40  Hellion  
  114  7:42  Hellion  
  121  7:46  Supply Depot  
  121  7:48  Supply Depot, Hellion  
  122  7:52  Siege Tank  
  122  7:53  Hellion  
  127  8:03  Siege Tank, Hellion  
  127  8:04  Supply Depot  
  131  8:06  Supply Depot  
  131  8:08  Supply Depot  
  131  8:10  Hellion  
  131  8:11  Siege Tank  
  136  8:22  Factory Tech Lab  
  136  8:24  Hellion  
  136  8:25  Siege Tank  
  141  8:30  Starport Reactor, Hellion x2  
  141  8:32  Hellion  
  147  8:35  Supply Depot, Terran Vehicle And Ship Armor Level 2, Terran Vehicle Weapons Level 2  
  147  8:37  Hellion x2  
  150  8:43  SCV x2  
  152  8:50  Siege Tank  
  152  8:51  Siege Tank, Hellion x3  
  152  8:55  Infernal Pre-Igniter  
  162  9:00  Hellion x3  
  168  9:11  Hellion x3  
  168  9:12  Hellion x14  
  168  9:15  Siege Tank  
  177  9:17  SCV x2  
  177  9:18  SCV  
  177  9:21  Hellion  
  182  9:29  SCV  
  182  9:31  SCV  
  184  9:32  SCV  
  184  9:35  Siege Tank x2, Hellion x3  
  197  9:39  Smart Servos  
  197  9:41  Mag-Field Accelerator  
  197  9:44  Siege Tank  
  200  9:47  Planetary Fortress  
  200  9:56  Missile Turret  
  200  9:57  Missile Turret, Refinery x2  
  188  10:18  Viking x2  
  188  10:21  Siege Tank x2, Hellion x2  
  179  10:27  Command Center x2  
  180  10:28  SCV x3  
  180  10:29  SCV  
  183  10:35  Missile Turret  
  183  10:36  Missile Turret  
  172  10:54  Siege Tank x4, Hellion x2  
  172  10:55  Hellion  
  172  10:56  Hellion  
  185  10:57  Hellion x4  
  185  10:58  Hellion x2  
  185  11:10  Drilling Claws, Command Center  
  185  11:12  Siege Tank, Hellion x2  
  185  11:16  Hellion  
  185  11:17  Hellion  
  196  11:21  Hellion  
  198  11:32  Sensor Tower  
  194  11:44  Siege Tank x2  
  194  11:45  Hellion x2  
  167  11:48  Viking  
  167  11:51  Siege Tank, Hellion  
  164  11:58  Hellion x2  
  171  12:12  Hellion x2  
  180  12:16  Hellion x2  
Tags
 
Add a new tag
Caveats
  • Supply blocks, unpowered buildings, or Contaminate may cause inaccurate times.
  • Supply counts are checked every 10 seconds.